 Dungeon Crawl Stone Soup version 0.29.1-2-gbd0b4ee654 (webtiles) character file.

Game seed: 10633861683295532793

189 p00ps00p the Trooper (level 5, -7/52 HPs)
             Began as a Hill Orc Fighter on Oct 30, 2022.
             Mangled by Eustachio
             ... wielding a +0 rapier
              (9 damage)
             ... on level 4 of the Dungeon.
             The game lasted 00:12:39 (3471 turns).

p00ps00p the Trooper (Hill Orc Fighter)             Turns: 3471, Time: 00:12:39

Health: -7/52      AC:  9    Str: 19      XL:     5   Next: 68%
Magic:  5/5        EV:  9    Int:  8      God:
Gold:   124        SH:  9    Dex: 10 (12) Spells: 4/4 levels left

rFire   . . .      SeeInvis .   a - +0 war axe
rCold   . . .      Faith    .   c - +0 buckler
rNeg    . . .      Spirit   .   b - +0 scale mail
rPois   +          Reflect  +   (no helmet)
rElec   .          Harm     .   v - +0 cloak
rCorr   .          Rampage  .   j - +0 pair of gloves
Will    .....                   (no boots)
Stlth   ..........              t - amulet of the Cast Vote {Reflect rPois SH+5}
HPRegen 0.17/turn               (no ring)
MPRegen 0.09/turn               (no ring)

@: mighty, hasted, invisible (expiring), very quick
A: no striking features
a: no special abilities


You were on level 4 of the Dungeon.
You visited 1 branch of the dungeon, and saw 5 of its levels.

You collected 124 gold pieces.

Inventory:

Hand Weapons
 a - a +0 war axe (weapon)
Missiles
 i - 8 poisoned darts (quivered)
Armour
 b - a +0 scale mail (worn)
 c - a +0 buckler (worn)
 j - a +0 pair of gloves (worn)
 v - a +0 cloak (worn)
Jewellery
 t - the amulet of the Cast Vote (around neck) {Reflect rPois SH+5}
   (You found it on level 3 of the Dungeon)

   [amulet of reflection]

   It reflects blocked missile attacks.
   rPois:     It protects you from poison.
   SH:        It affects your SH (+5).
Scrolls
 f - 2 scrolls of enchant armour
 o - 2 scrolls of silence
 p - a scroll of noise
 r - 2 scrolls of vulnerability
Potions
 h - 2 potions of curing
 l - a potion of cancellation
 u - 2 potions of brilliance


   Skills:
 + Level 7.4 Fighting
 - Level 2.6 Axes
 - Level 3.2 Armour
 - Level 3.2 Shields


You had 4 spell levels left.
You didn't know any spells.
Your spell library contained the following spells:

 Spells                   Type           Power      Damage    Failure   Level
 Beastly Appendage        Tmut           0%         N/A       86%         1
 Sublimation of Blood     Necr           0%         N/A       95%         2
 Wereblood                Tmut           0%         N/A       95%         2
 Confusing Touch          Hex            0%         N/A       99%         3
 Spider Form              Tmut/Pois      0%         N/A       99%         3
 Fulminant Prism          Conj/Hex       0%         3d6       100%        4
 Iskenderun's Mystic Bla  Conj/Tloc      0%         2d3       100%        4
 Petrify                  Tmut/Erth      0%         N/A       100%        4
 Irradiate                Conj/Tmut      0%         3d11      100%        5
 Lee's Rapid Deconstruct  Erth           0%         3d5*      100%        5
 Yara's Violent Unravell  Hex/Tmut       0%         3d3       100%        5
 Enfeeble                 Hex            0%         N/A       100%        7


Dungeon Overview and Level Annotations

Branches:
Dungeon (5/15)
 Temple: D:4-7

Altars:
Fedhas
Qazlal
Zin

Shops:
D:1 *

Annotations:
D:4 Eustachio
D:5 Pikel


Message History

The bat barely misses you. You block the quasit's attack.
The quasit claws you but does no damage.
The quasit completely misses you. You block the quasit's attack.
The quasit closely misses you.
The quasit claws you but does no damage.
You block the bat's attack. The bat closely misses you.
You hit Eustachio.
Eustachio is moderately wounded.
You catch the helpless quasit completely off-guard!
You slash the quasit! You hit the bat. You block the bat's attack.
Eustachio hits you with a +0 rapier!
* * * LOW HITPOINT WARNING * * *
The quasit completely misses you. The quasit barely misses you.
The quasit claws you but does no damage.
You miss Eustachio.
Eustachio is moderately wounded.
You barely miss the quasit. You block the bat's attack.
Eustachio closely misses you. The quasit bites you.
* * * LOW HITPOINT WARNING * * *
You feel clumsy. You block the quasit's attack. x2
You barely miss Eustachio.
Eustachio is moderately wounded.
You catch the helpless quasit completely off-guard!
You slash the quasit!
You kill the quasit!
The quasit disappears in a puff of smoke!
You slash the bat!
You kill the bat!
The bat's corpse disappears in a puff of smoke!
Eustachio hits you with a +0 rapier!
* * * LOW HITPOINT WARNING * * *
You slash Eustachio!
Eustachio is severely wounded.
Eustachio hits you but does no damage.
You barely miss Eustachio.
Eustachio is severely wounded.
You recover from your berserk rage.
You flicker for a moment.
Eustachio hits you with a +0 rapier!
You die...

..........
.........#
....@....#
#.....##
#####÷.##
##..##
###.#########
##@........
#@§.....#
#§....###
##>....#
#†...##
##...# ##..#
#..# ##÷##
#..#


You could see Eustachio (strong, unable to see you).

Vanquished Creatures
  A hound (D:3)
  Crazy Yiuf (D:3)
  A gnoll (D:1)
  6 adders
  3 worms
  2 dart slugs (D:3)
  An orc (D:3)
  A bat (D:1)
  3 endoplasms
  A giant cockroach (D:3)
  5 goblins
  9 hobgoblins
  4 jackals
  2 quokkas
  4 ball pythons
  3 frilled lizards
  4 kobolds
  5 rats
56 creatures vanquished.

Vanquished Creatures (others)
  3 fungi (D:4)
  A plant (D:3)
4 creatures vanquished.

Grand Total: 60 creatures vanquished

Notes
Turn   | Place    | Note
-------+----------+-------------------------------------------
     0 | D:1      | p00ps00p the Hill Orc Fighter began the quest for the Orb.
     0 | D:1      | Reached XP level 1. HP: 19/19 MP: 1/1
    96 | D:1      | Found Nacotugab's Assorted Antiques.
   177 | D:1      | Reached skill level 4 in Fighting
   281 | D:1      | Reached XP level 2. HP: 24/27 MP: 2/2
   629 | D:2      | Found a faded altar of an unknown god.
   725 | D:2      | Reached XP level 3. HP: 35/35 MP: 3/3
   739 | D:2      | Reached skill level 5 in Fighting
  1888 | D:3      | Reached XP level 4. HP: 44/44 MP: 4/4
  2062 | D:3      | Reached skill level 6 in Fighting
  2090 | D:3      | Found a stormy altar of Qazlal.
  2114 | D:3      | Found a runed translucent door.
  2115 | D:3      | Noticed Crazy Yiuf
  2505 | D:3      | Found a glowing silver altar of Zin.
  2505 | D:3      | Noticed an angel
  2567 | D:3      | Identified the amulet of the Cast Vote {Reflect rPois SH+5}
  2636 | D:3      | Reached XP level 5. HP: 51/51 MP: 5/5
  2912 | D:3      | Killed Crazy Yiuf
  2913 | D:3      | Reached skill level 7 in Fighting
  3122 | D:4      | Found a blossoming altar of Fedhas.
  3173 | D:4      | Noticed Eustachio
  3196 | D:5      | Entered Level 5 of the Dungeon
  3405 | D:5      | Noticed a lemure
  3405 | D:5      | Noticed a lemure
  3412 | D:5      | Noticed Pikel
  3412 | D:5      | Noticed a lemure
  3414 | D:5      | Noticed a lemure
  3469 | D:4      | HP: 2/52 [Eustachio/+0 rapier (11)]
  3471 | D:4      | Mangled by Eustachio

Illustrated notes

Levels and vault maps discovered:
D:1:      eino_arrival_druids_welcome, layout_basic, serial_shops,
          nicolae_shop_window_shopping, nicolae_grassy_gnolls
D:2:      layout_basic, chequers_ecumenical_altar_simple_redux
D:3:      minmay_bubble_buster, layout_basic, zin_angel, general_overflow_altar,
          corexii_shack, uniq_crazy_yiuf_cottage
D:4:      layout_cave_pods, fedhas_altar_3, hex_large,
          hangedman_abyss_or_decor_stabs, moated_statue, uniq_menkaure,
          uniq_eustachio
D:5:      layout_basic, columned_hall_lemuel, chequers_serial_rivers_room_a,
          uniq_pikel

Skill      XL: |  1  2  3  4  5 |
---------------+----------------+-----
Fighting       | 4 5 6 7 |  7.4
Axes           | |  2.6
Armour         | |  3.2
Shields        | |  3.2

Action                   |  1- 3 |  4- 6 || total
-------------------------+-------+-------++-------
Melee: War axe           |    92 |    98 ||   190
  Use: Scroll            |       |    12 ||    12
       Potion            |       |     4 ||     4
 Stab: Invisible         |       |     5 ||     5
Armor: Scale mail        |    44 |    59 ||   103
Dodge: Dodged            |    41 |    88 ||   129
Block: Buckler           |    22 |    86 ||   108
       Reflection        |       |     1 ||     1
